 Dungeon Crawl Stone Soup version 0.18.1-50-g88ac8fd (webtiles) character file.

6017 maniek23 the Covert (level 10, -3/51 HPs)
             Began as a Spriggan Assassin on Sept 26, 2016.
             Was an Initiate of Gozag.
             Killed from afar by a steam dragon (24 damage)
             ... with a ball of steam
             ... on level 9 of the Dungeon on Sept 27, 2016.
             The game lasted 01:17:09 (15113 turns).

maniek23 the Covert (Spriggan Assassin)            Turns: 15113, Time: 01:17:10

Health: -3/51      AC:  3    Str:  7    XL:     10   Next: 56%
Magic:  18/18      EV: 32    Int: 14    God:    Gozag
Gold:   1408       SH:  0    Dex: 20    Spells: 1 memorised, 13 levels left

rFire  . . .     SeeInvis +     a - +4 short sword
rCold  . . .     Gourm    .     c - +0 robe
rNeg   . . .     Faith    .     (shield restricted)
rPois  .         Spirit   .     (helmet restricted)
rElec  .         Dismiss  .     d - +0 cloak
rCorr  .         Reflect  .     (gloves unavailable)
SustAt .         Harm     .     (boots unavailable)
MR     ++...                    (no amulet)
Stlth  ++++++....               Y - ring of protection from magic
                                C - +4 ring of evasion

@: very quick, very resistant to hostile enchantments, very stealthy
A: unfitting armour, see invisible, herbivore 3, speed 3, slow metabolism 2
a: Potion Petition, Call Merchant, Bribe Branch, Renounce Religion


You were on level 9 of the Dungeon.
You worshipped Gozag.
Gozag was noncommittal.
You were not hungry.

You visited 2 branches of the dungeon, and saw 10 of its levels.
You also visited: Ossuary.

You collected 1457 gold pieces.
You paid 49 gold pieces to Gozag.

Inventory:

Hand Weapons
 a - a +4 short sword (weapon)
 b - a +0 blowgun
 x - a +0 hunting sling
 X - a +0 short sword of venom
Missiles
 e - 65 poisoned needles
 f - 2 curare-tipped needles
 h - 5 steel tomahawks
 n - 222 stones (quivered)
 L - 11 tomahawks
 Z - 15 sling bullets
Armour
 c - a +0 robe (worn)
 d - a +0 cloak (worn)
Jewellery
 y - an uncursed ring of protection from cold
 C - a +4 ring of evasion (left hand)
 I - an uncursed ring of flight
 N - an uncursed ring of resist corrosion
 Y - a ring of protection from magic (right hand)
Wands
 r - a wand of slowing (20/48)
 P - a wand of paralysis (13/24)
 T - a wand of random effects (30/48)
Scrolls
 k - 3 scrolls of identify
 m - 8 scrolls of remove curse
 t - a scroll of magic mapping
 v - a scroll of immolation
 A - a scroll of blinking
 B - 4 scrolls of enchant armour
 D - 2 scrolls of teleportation
 K - 2 scrolls of amnesia {unknown}
 Q - 3 scrolls of fear
 S - a scroll of random uselessness {unknown}
Potions
 i - a potion of heal wounds
 j - 3 potions of curing
 l - a potion of brilliance {unknown}
 o - 2 potions of cure mutation
 p - 2 potions of flight {unknown}
 q - 3 potions of agility
 s - a potion of magic {unknown}
 u - a potion of berserk rage {unknown}
 w - 4 potions of lignification
 E - 4 potions of mutation
 F - 2 potions of degeneration {unknown}
 G - a potion of invisibility {unknown}
 J - a potion of cancellation {unknown}
 V - 4 potions of might
Books
 M - a book of Conjurations

   Spells                             Type                      Level
   a - Magic Dart                     Conjuration                  1
   b - Searing Ray                    Conjuration                  2
   c - Dazzling Spray                 Conjuration/Hexes            3
   d - Fulminant Prism                Conjuration/Hexes            4
   e - Iskenderun's Mystic Blast      Conjuration                  4
   f - Iskenderun's Battlesphere      Conjuration/Charms           5
 O - an Akashic Record

   Spells                             Type                      Level
   a - Dispersal                      Translocation                6
   b - Malign Gateway                 Summoning/Translocation      7
   c - Disjunction                    Translocation                8
   d - Controlled Blink               Translocation                8
 R - a Young Poisoner's Handbook

   Spells                             Type                      Level
   a - Sting                          Conjuration/Poison           1
   b - Cure Poison                    Poison                       2
   c - Mephitic Cloud                 Conjuration/Poison/Air       3
   d - Olgreb's Toxic Radiance        Poison                       4
   e - Venom Bolt                     Conjuration/Poison           5
Comestibles
 g - 6 bread rations
 z - a fruit
 U - 2 royal jellies
 W - 8 slices of pizza


   Skills:
 + Level 4.4 Fighting
 * Level 8.2 Short Blades
 - Level 1.0(4.8) Slings
 + Level 6.3 Throwing
 * Level 10.7 Dodging
 + Level 11.3 Stealth
 * Level 5.2 Spellcasting
 * Level 6.9 Translocations


You had 13 spell levels left.
You knew the following spells:

 Your Spells              Type           Power        Failure   Level  Hunger
a - Dispersal             Tloc           ###.......   98%         6    #######


Dungeon Overview and Level Annotations

Branches:
Dungeon (9/15)             Temple (1/1) D:7
   Lair: D:8-11         Orc: D:9-12

Altars:
Ashenzari
Cheibriados
Dithmenos
Elyvilon
Fedhas
Gozag
Kikubaaqudgha
Makhleb
Nemelex Xobeh
Okawaru
Pakellas
Qazlal
Ru
Sif Muna
Trog
Vehumet
Xom
Yredelemnul
Zin
The Shining One

Shops:
D:4 *

Annotations:
D:4 exclusion: oklob plant


Innate Abilities, Weirdness & Mutations

You are tiny and cannot use many weapons and most armour.
You have supernaturally acute eyesight.
You are a herbivore.
You cover ground extremely quickly.
You need consume almost no food.


Message History

The sling bullet hits the steam dragon but does no damage.
The steam dragon is severely wounded.
The steam dragon breathes steam at you. The ball of steam hits you!
* * * LOW HITPOINT WARNING * * *
There is a stone staircase leading down here.
Drink which item? (? for menu, Esc to quit)
You feel better.
Firing (i - inventory. (,) - cycle):
Z - 16 sling bullets (quivered)
Press: ? - help, Shift-Dir - straight line, f/p - steam dragon
Aim: a steam dragon (steam, severely wounded)
You shoot a sling bullet.
The sling bullet hits the steam dragon but does no damage.
The steam dragon is severely wounded.
Wield which item (- for none, * to show all)? (? for menu, Esc to quit)
a - a +4 short sword (weapon)
The steam dragon breathes steam at you. The ball of steam hits you!
You die...
Your body crumbles into a pile of gold.

###############
####.............#
.....###########.#
.#####
#######.###########.#
.#
.......@............#
.#
#.......§.....######
.#####
###.....###D###.####
.....# .(.....#
#...D.$..# ......
#(....###§###..#.#
..##.# ##.(......##
#.?# # .##
#.##........## #D.#
.# #...#......# #..#
)# #...§.#### #..#.


You could see a steam dragon.

Vanquished Creatures
  A hill giant (D:7)
  A two-headed ogre (D:8)
  A hog (D:8)
  A human (D:8)
  A wyvern (D:9)
  2 yaks (D:8)
  2 hippogriffs
  Menkaure (D:6)
  Edmund (D:5)
  A phantom (D:7)
  An ice beast (D:5)
  4 orc warriors
  3 sky beasts
  3 ogres
  2 centaurs
  A big kobold (D:8)
  5 giant frogs
  A wyvern skeleton (D:8)
  7 scorpions
  2 water moccasin skeletons
  4 killer bees (D:7)
  3 howler monkeys (D:8)
  2 crimson imps
  2 centaur zombies
  A giant frog zombie (D:5)
  6 hounds
  5 orc priests
  2 centaur skeletons
  2 gnoll shamans
  Jessica (D:3)
  Natasha (thrice) (D:2)
  9 orc wizards
  2 iguanas
  6 worker ants
  3 sheep (D:8)
  A killer bee zombie (D:6)
  2 big kobold zombies (Ossuary)
  2 hound zombies
  2 hound skeletons
  4 mummies (Ossuary)
  A worker ant zombie (D:8)
  13 gnolls
  12 adders
  2 oozes (D:2)
  An adder zombie (Ossuary)
  5 adder skeletons
  A worm (D:3)
  3 dart slugs
  3 giant geckos
  23 orcs
  11 bats
  5 giant cockroaches
  2 gnoll zombies (Ossuary)
  3 goblins (D:1)
  10 hobgoblins
  11 jackals
  2 ball pythons (D:5)
  A giant gecko skeleton (D:5)
  4 giant newts
  2 goblin zombies (Ossuary)
  A jackal zombie (Ossuary)
  11 kobolds
  2 kobold zombies (Ossuary)
  An orc zombie (Ossuary)
  11 rats
  A rat zombie (Ossuary)
245 creatures vanquished.

Vanquished Creatures (others)
  A lightning spire (D:6)
  3 bushes (D:6)
  6 fungi (D:4)
  11 plants (D:4)
21 creatures vanquished.

Grand Total: 266 creatures vanquished

Notes
Turn   | Place    | Note
--------------------------------------------------------------
     0 | D:1      | maniek23 the Spriggan Assassin began the quest for the Orb.
     0 | D:1      | Reached XP level 1. HP: 10/10 MP: 2/2
    25 | D:1      | Reached skill level 6 in Stealth
   208 | D:1      | Reached XP level 2. HP: 11/14 MP: 3/3
   746 | D:2      | Reached skill level 7 in Stealth
   746 | D:2      | Reached XP level 3. HP: 12/18 MP: 4/4
   928 | D:2      | Noticed Natasha
   942 | D:2      | Reached XP level 4. HP: 22/22 MP: 5/5
   963 | D:2      | Killed Natasha
  1191 | D:2      | Noticed Natasha
  1282 | D:2      | Killed Natasha
  1282 | D:2      | Reached skill level 8 in Stealth
  1306 | D:2      | Noticed Natasha
  1324 | D:2      | Killed Natasha
  1324 | D:2      | Reached XP level 5. HP: 4/26 MP: 6/6
  2880 | D:3      | Noticed Jessica
  2884 | D:3      | Killed Jessica
  3636 | D:3      | Found a snail-covered altar of Cheibriados.
  3636 | D:3      | Found a glowing golden altar of the Shining One.
  3893 | D:4      | Reached XP level 6. HP: 30/30 MP: 7/7
  4804 | D:4      | HP: 1/31 [orc priest/mace (7)]
  5466 | D:4      | Reached skill level 9 in Stealth
  5473 | D:4      | Reached skill level 5 in Dodging
  5502 | D:4      | Reached XP level 7. HP: 35/35 MP: 8/8
  5550 | D:4      | Found Bemmycw's Assorted Antiques.
  6372 | D:4      | Reached skill level 1 in Slings
  6602 | D:4      | Found an opulent altar of Gozag.
  6610 | D:4      | Became a worshipper of Gozag Ym Sagoz the Greedy
  6737 | D:4      | Found a blossoming altar of Fedhas.
  6808 | D:4      | Noticed an oklob plant
  6813 | D:4      | Reached skill level 5 in Short Blades
  7029 | D:5      | Entered Level 5 of the Dungeon
  7077 | D:5      | Noticed Edmund
  7756 | D:6      | Learned a level 6 spell: Dispersal
  7768 | D:6      | Reached XP level 8. HP: 39/39 MP: 9/9
  7890 | D:6      | Noticed Menkaure
  8062 | D:6      | Found a stormy altar of Qazlal.
  8093 | D:6      | Found an oddly glowing altar of Pakellas.
  8094 | D:6      | Noticed a gargoyle
  8166 | D:6      | Reached skill level 1 in Spellcasting
  8324 | D:6      | Reached skill level 1 in Translocations
  8346 | D:6      | Found a sparkling altar of Nemelex Xobeh.
  9435 | D:5      | Reached skill level 10 in Stealth
  9662 | D:5      | Killed Edmund
 10123 | D:5      | Reached XP level 9. HP: 44/44 MP: 13/13
 10373 | D:6      | Killed Menkaure
 10517 | D:7      | Found a sand-covered staircase.
 10521 | Ossuary  | Entered an ossuary
 11101 | D:7      | Reached skill level 5 in Throwing
 11114 | D:7      | Found a staircase to the Ecumenical Temple.
 11141 | Temple   | Entered the Ecumenical Temple
 11633 | D:7      | Noticed a hill giant
 11640 | D:7      | Killed a hill giant
 12272 | D:8      | Reached skill level 5 in Translocations
 12480 | D:8      | Reached XP level 10. HP: 35/49 MP: 15/17
 12643 | D:8      | Reached skill level 10 in Dodging
 12769 | D:8      | Found a glowing silver altar of Zin.
 12793 | D:8      | Reached skill level 11 in Stealth
 13196 | D:8      | Found a deep blue altar of Sif Muna.
 13540 | D:8      | Found a basalt altar of Yredelemnul.
 13543 | D:8      | Found an ancient bone altar of Kikubaaqudgha.
 13546 | D:8      | Found a glowing silver altar of Zin.
 14220 | D:9      | Reached skill level 5 in Spellcasting
 15113 | D:9      | Killed from afar by a steam dragon

Skill      XL: |  1  2  3  4  5  6  7  8  9 10 |
---------------+-------------------------------+-----
Stealth        | 6 7 8 9 10 11 | 11.3
Dodging        | 2 3 5 6 8 9 10 | 10.7
Short Blades   | 3 4 5 6 7 8 |  8.2
Fighting       | 2 3 4 |  4.4
Throwing       | 3 4 5 6 |  6.3
Slings         | 1 |  1.0
Spellcasting   | 2 4 5 |  5.2
Translocations | 3 5 6 |  6.9

Action                   |  1- 3 |  4- 6 |  7- 9 | 10-12 || total
-------------------------+-------+-------+-------+-------++-------
Melee: Dagger            |   104 |   308 |   533 |       ||   945
       Short sword       |       |       |   240 |   213 ||   453
 Fire: Hunting sling     |       |     7 |    57 |    14 ||    78
       Blowgun           |       |    44 |    31 |    33 ||   108
Throw: Stone             |     2 |    57 |   143 |    77 ||   279
       Tomahawk          |       |       |     4 |     6 ||    10
Invok: Potion Petition   |       |       |     1 |       ||     1
  Use: Scroll            |       |       |    16 |     2 ||    18
       Potion            |       |       |     3 |     1 ||     4
 Stab: Sleeping          |    14 |    17 |    31 |     5 ||    67
       Distracted        |       |       |     3 |       ||     3
  Eat: Fruit             |       |     2 |     1 |       ||     3
       Bread ration      |       |       |     2 |       ||     2
Armor: Robe              |    12 |    26 |    30 |     4 ||    72
Dodge: Dodged            |    69 |   218 |   486 |   168 ||   941
